 Dungeon Crawl Stone Soup version 0.20.1-1-g8b1a95d (webtiles) character file.

65 veneficus the Poker (level 4, 0/33 HPs)
             Began as a Merfolk Skald on Nov 2, 2017.
             Slain by an adder (2 damage)
             ... on level 1 of the Dungeon.
             The game lasted 00:04:33 (2011 turns).

veneficus the Poker (Merfolk Skald)                 Turns: 2011, Time: 00:04:34

Health: 0/33       AC:  3    Str: 11    XL:     4   Next: 13%
Magic:  7/7        EV: 12    Int: 12    God:
Gold:   19         SH:  0    Dex: 14    Spells: 6/7 levels left

rFire    . . .     SeeInvis .   a - +0 spear
rCold    . . .     Gourm    +   (no shield)
rNeg     . . .     Faith    .   b - +0 leather armour
rPois    .         Spirit   .   (no helmet)
rElec    .         Reflect  .   (no cloak)
rCorr    .         Harm     .   (no gloves)
MR       .....                  (no boots)
Stlth    +.........             k - amulet of the gourmand
Regen    0.2/turn               (no ring)
MPRegen  0.1/turn               (no ring)

@: no status effects
A: change form in water, swift swim, stealthy swim
a: no special abilities


You were on level 1 of the Dungeon.
You were not hungry.

You visited 1 branch of the dungeon, and saw 2 of its levels.

You collected 19 gold pieces.

Inventory:

Hand Weapons
 a - a +0 spear (weapon)
Armour
 b - a +0 leather armour (worn)
Jewellery
 f - an uncursed amulet of rage
 k - an amulet of the gourmand (around neck)
 n - a +5 ring of protection {unknown}
Scrolls
 i - a scroll of fear {unknown}
 j - a scroll of enchant armour {unknown}
 m - a scroll of remove curse {unknown}
 o - a scroll of identify {unknown}
 p - a scroll of magic mapping {unknown}
Potions
 e - 2 potions of curing {unknown}
 g - a potion of might {unknown}
 h - a potion of magic {unknown}
 l - a potion of invisibility {unknown}
Books
 c - a book of Battle

   Spells                             Type                      Level
   a - Infusion                       Charms                       1
   b - Shroud of Golubria             Charms/Translocation         2
   c - Song of Slaying                Charms                       2
   d - Spectral Weapon                Hexes/Charms                 3
   e - Regeneration                   Charms/Necromancy            3
Comestibles
 d - a bread ration


   Skills:
 - Level 2.1 Fighting
 + Level 4.9 Polearms
 - Level 0.6 Armour
 - Level 2.6 Dodging
 - Level 2.0 Spellcasting
 + Level 4.3 Charms


You had 6 spell levels left.
You knew the following spells:

 Your Spells              Type           Power        Failure   Level  Hunger
a - Infusion              Chrm           ##..         6%          1    ##.....


Dungeon Overview and Level Annotations

Branches:
Dungeon (2/15)

Altars:


Message History

Attack whom?
Press: ? - help, Dir - move target cursor, f/p - adder
Aim: an adder You barely miss the adder.
The adder misses you.
You see here a jackal skeleton.
The adder barely misses you. The adder misses you.
You see here a bread ration.
There is a stone staircase leading up here.
The adder bites you but does no damage. The adder bites you.
* * * LOW HITPOINT WARNING * * *
You climb upwards.
There is a stone staircase leading down here.
The adder barely misses you. The adder bites you.
* * * LOW HITPOINT WARNING * * *
The adder bites you.
* * * LOW HITPOINT WARNING * * *
The adder bites you.
You die...

###################
####..................
#.........############
#.........#
#.........#
#....@....#
#....S....#
#.......).#
#.........#
####.###### #.# #
##.######## #
#.........# #
#.........# #


You could see an adder.

Vanquished Creatures
  2 adders (D:2)
  An ooze (D:1)
  A worm (D:2)
  4 leopard geckos (D:1)
  3 giant cockroaches (D:1)
  5 goblins
  5 hobgoblins (D:1)
  2 jackals (D:2)
  2 kobolds (D:1)
  A quokka (D:2)
  2 bats
  A frilled lizard (D:1)
  3 rats (D:1)
32 creatures vanquished.

Notes
Turn   | Place    | Note
-------+----------+-------------------------------------------
     0 | D:1      | veneficus the Merfolk Skald began the quest for the Orb.
     0 | D:1      | Reached XP level 1. HP: 16/16 MP: 3/3
   474 | D:1      | Reached XP level 2. HP: 14/22 MP: 5/5
  1291 | D:1      | Reached XP level 3. HP: 27/27 MP: 6/6
  1930 | D:2      | Reached XP level 4. HP: 13/33 MP: 0/7
  2011 | D:1      | Slain by an adder

Skill      XL: |  1  2  3 |
---------------+----------+-----
Polearms       | 4 |  4.9
Charms         | 4 |  4.3
Fighting       | |  2.1
Armour         | |  0.6
Dodging        | |  2.6
Spellcasting   | |  2.0

Action                   |  1- 3 |  4- 6 || total
-------------------------+-------+-------++-------
Melee: Spear             |   116 |    18 ||   134
 Cast: Infusion          |     4 |       ||     4
 Stab: Sleeping          |     1 |       ||     1
  Eat: Chunk             |     7 |     1 ||     8
Armor: Leather armour    |    20 |     2 ||    22
Dodge: Dodged            |    47 |     7 ||    54
